NYP
WILLIAMSPORT CROSSCUTTERS @ EUGENE EMERALDS
09/21/2045
 
TOP OF THE 1ST
Williamsport Crosscutters batting - Pitching for Eugene Emeralds : RHP Jake Newman
Pitching: RHP Jake Newman
Batting: RHB Tony Perez 0-0: Fly out, F4 (Popup, 4D, EV 56.2 MPH)
Batting: RHB Joe Hewitt 0-0: Ball
1-0: Ball
2-0: SINGLE (Flyball, 34D, EV 87.5 MPH)
Batting: RHB Alan Weller 0-0: Ball
1-0: Ball
2-0: Called Strike
2-1: Ball
3-1: Fielders Choice at 2nd, 6-4 (Groundball, 6, EV 91.2 MPH)
Batting: RHB Allen Gravel 0-0: Ball
1-0: Called Strike
1-1: Ball
2-1: Foul Ball, location: 2F
2-2: Ball
Alan Weller steals 2nd base
3-2: Base on Balls
Batting: LHB Eric Farren 0-0: Swinging Strike
0-1: Foul Ball, location: 2F
0-2: TRIPLE (Line Drive, 89XD, EV 110.6 MPH)
Alan Weller scores
Allen Gravel scores
Pitching: RHP Josh MacQueen
Batting: RHB Jake Cox 0-0: Ball
1-0: Ball
2-0: Foul Ball, location: 2F
2-1: Ball
3-1: Called Strike
3-2: Foul Ball, location: 2F
3-2: 2-RUN HOME RUN (Flyball, 78XD, EV 99.4 MPH), Distance : 416 ft
Batting: RHB Trent Hedrick 0-0: Fly out, F7 (Line Drive, 7D, EV 85.6 MPH)
Top of the 1st over - 4 runs, 3 hits, 0 errors, 0 left on base; Williamsport 4 - Eugene 0
BOTTOM OF THE 1ST
Eugene Emeralds batting - Pitching for Williamsport Crosscutters : RHP Wally Hoover
Pitching: RHP Wally Hoover
Batting: RHB Andy Huntley 0-0: Ground out 4-3 (Groundball, 34, EV 109.4 MPH)
Batting: RHB Du Kim 0-0: Fly out, F7 (Flyball, 7, EV 78.8 MPH)
Batting: LHB Angel Oropeza 0-0: Ball
1-0: Called Strike
1-1: Swinging Strike
1-2: Ball
2-2: Foul Ball, location: 2F
2-2: Foul Ball, location: 2F
2-2: SINGLE (Groundball, 34D, EV 103.8 MPH)
Batting: RHB Taylor Garofalo 0-0: Ball
1-0: Swinging Strike
1-1: Ball
2-1: Called Strike
2-2: Ball
3-2: Foul Ball, location: 2F
3-2: Strikes out swinging, 2-3 out at first.
Bottom of the 1st over - 0 runs, 1 hit, 0 errors, 1 left on base; Williamsport 4 - Eugene 0
TOP OF THE 2ND
Williamsport Crosscutters batting - Pitching for Eugene Emeralds : RHP Josh MacQueen
Batting: RHB Frank Shelton 0-0: Ball
1-0: Called Strike
1-1: Ball
2-1: Ball
3-1: Foul Ball, location: 2F
3-2: Base on Balls
Batting: RHB Jimmy Misener 0-0: Ball
1-0: Ball
2-0: Called Strike
2-1: Ball
3-1: Base on Balls
Frank Shelton to second
Pitching: RHP Ryohei Uda
Batting: RHB Tony Perez 0-0: Foul Ball, location: 2F
0-1: DOUBLE (Flyball, 8LXD, EV 94.4 MPH)
Frank Shelton scores
Jimmy Misener to third
Batting: RHB Joe Hewitt 0-0: SINGLE (Groundball, 6MD, EV 93.8 MPH)
Jimmy Misener scores
Tony Perez to third
Runner from 3rd tries for Home, SAFE, throw by CF to home
Batting: RHB Alan Weller 0-0: Called Strike
0-1: Foul Ball, location: 2F
0-2: SINGLE (Groundball, 56D, EV 106.9 MPH)
Joe Hewitt to second
Batting: RHB Allen Gravel 0-0: Swinging Strike
0-1: SINGLE (Line Drive, 34D, EV 111.2 MPH)
Joe Hewitt to third
Alan Weller to second
Runner from 3rd tries for Home, SAFE, throw by RF to home
Batting: LHB Eric Farren 0-0: Called Strike
0-1: Ball
1-1: Foul Ball, location: 2F
1-2: Strikes out looking
Batting: RHB Jake Cox 0-0: Called Strike
0-1: Called Strike
0-2: Ball
1-2: Foul Ball, location: 2F
1-2: Ball
2-2: Foul Ball, location: 2F
2-2: Strikes out looking
Pitching: RHP Mark Duffy
Batting: RHB Trent Hedrick 0-0: Ball
1-0: Ball
2-0: Fly out, F7 (Line Drive, 7, EV 91.2 MPH)
Top of the 2nd over - 4 runs, 4 hits, 0 errors, 2 left on base; Williamsport 8 - Eugene 0
BOTTOM OF THE 2ND
Eugene Emeralds batting - Pitching for Williamsport Crosscutters : RHP Wally Hoover
Batting: RHB Jose Balderrama 0-0: Fly out, F8 (Flyball, 89D, EV 100.0 MPH)
Batting: RHB Ryan Bush 0-0: Called Strike
0-1: Called Strike
0-2: Ball
1-2: Ground out 4-3 (Groundball, 4, EV 88.1 MPH)
Batting: RHB Armando Vilano 0-0: Ball
1-0: Called Strike
1-1: Ball
2-1: Foul Ball, location: 2F
2-2: Strikes out swinging
Bottom of the 2nd over - 0 runs, 0 hits, 0 errors, 0 left on base; Williamsport 8 - Eugene 0
TOP OF THE 3RD
Williamsport Crosscutters batting - Pitching for Eugene Emeralds : RHP Mark Duffy
Batting: RHB Frank Shelton 0-0: Ball
1-0: Called Strike
1-1: Ball
2-1: Foul Ball, location: 2F
2-2: Fly out, F4 (Flyball, 4MD, EV 92.5 MPH)
Batting: RHB Jimmy Misener 0-0: Ball
1-0: Ball
2-0: Ball
3-0: Called Strike
3-1: Base on Balls
Batting: RHB Tony Perez 0-0: Ball
1-0: DOUBLE (Flyball, 8LD, EV 90.6 MPH)
Jimmy Misener to third
Batting: RHB Joe Hewitt 0-0: Ball
1-0: Called Strike
1-1: SINGLE (Popup, 3D, EV 54.4 MPH)
Jimmy Misener scores
Tony Perez to third
Pitching: LHP Virgílio Beyfus
Batting: RHB Alan Weller 0-0: Ball
1-0: Swinging Strike
1-1: Ball
2-1: Grounds into double play, 5-4-3 (Groundball, 56, EV 105.0 MPH)
Top of the 3rd over - 1 run, 2 hits, 0 errors, 1 left on base; Williamsport 9 - Eugene 0
BOTTOM OF THE 3RD
Eugene Emeralds batting - Pitching for Williamsport Crosscutters : RHP Wally Hoover
Batting: LHB Wing-tat Tai 0-0: Ball
1-0: Called Strike
1-1: Ground out U3 (Groundball, 3, EV 103.8 MPH)
Batting: RHB Jerry Blas 0-0: Ball
1-0: Ball
2-0: Ball
3-0: Called Strike
3-1: Called Strike
3-2: SINGLE (Groundball, 6S, EV 65.6 MPH) (infield hit)
Batting: RHB Andy Huntley 0-0: Ball
Wild Pitch!
Jerry Blas to second
1-0: DOUBLE (Line Drive, 7LM, EV 100.6 MPH)
Jerry Blas scores
Batting: RHB Du Kim 0-0: SINGLE (Groundball, 5S, EV 66.2 MPH) (infield hit)
Andy Huntley to third
Batting: LHB Angel Oropeza 0-0: Ball
Du Kim steals 2nd base
1-0: Ball
2-0: Called Strike
2-1: Ball
3-1: Called Strike
3-2: Base on Balls
Batting: RHB Taylor Garofalo 0-0: Ball
1-0: Ball
2-0: Ball
3-0: Called Strike
3-1: Swinging Strike
3-2: Foul Ball, location: 2F
3-2: Foul Ball, location: 2F
3-2: Grounds into double play, 4-6-3 (Groundball, 4, EV 86.2 MPH)
Bottom of the 3rd over - 1 run, 3 hits, 0 errors, 2 left on base; Williamsport 9 - Eugene 1
TOP OF THE 4TH
Williamsport Crosscutters batting - Pitching for Eugene Emeralds : LHP Virgílio Beyfus
Batting: RHB Allen Gravel 0-0: Called Strike
0-1: Ball
1-1: Swinging Strike
1-2: Strikes out swinging
Batting: LHB Eric Farren 0-0: Called Strike
0-1: Foul Ball, location: 2F
0-2: Ball
1-2: Foul Ball, location: 2F
1-2: Foul Ball, location: 2F
1-2: Ball
2-2: Strikes out looking
Batting: RHB Jake Cox 0-0: Ball
1-0: Ball
2-0: Ball
3-0: Base on Balls
Pitching: LHP Jose Urena
Batting: RHB Trent Hedrick 0-0: Ball
1-0: Fly out, F9 (Line Drive, 9, EV 96.2 MPH)
Top of the 4th over - 0 runs, 0 hits, 0 errors, 1 left on base; Williamsport 9 - Eugene 1
BOTTOM OF THE 4TH
Eugene Emeralds batting - Pitching for Williamsport Crosscutters : RHP Wally Hoover
Batting: RHB Jose Balderrama 0-0: Foul Ball, location: 2F
0-1: Ground out 5-3 (Groundball, 5L, EV 88.1 MPH)
Batting: RHB Ryan Bush 0-0: Ground out U3 (Groundball, 3L, EV 82.5 MPH)
Batting: RHB Armando Vilano 0-0: Ball
1-0: SINGLE (Groundball, 34S, EV 75.6 MPH) (infield hit)
Batting: LHB Wing-tat Tai 0-0: Ball
Armando Vilano steals 2nd base (no throw)
1-0: Called Strike
1-1: Ball
2-1: Foul Ball, location: 2F
2-2: Foul Ball, location: 2F
2-2: SINGLE (Groundball, 34D, EV 102.5 MPH)
Armando Vilano to third
Runner from 3rd tries for Home, throw by RF and OUT! 9-2
Bottom of the 4th over - 0 runs, 2 hits, 0 errors, 1 left on base; Williamsport 9 - Eugene 1
TOP OF THE 5TH
Williamsport Crosscutters batting - Pitching for Eugene Emeralds : LHP Jose Urena
Batting: RHB Frank Shelton 0-0: Called Strike
0-1: Called Strike
0-2: Ball
1-2: SINGLE (Groundball, 3D, EV 103.1 MPH)
Batting: RHB Jimmy Misener 0-0: Ball
1-0: Foul Ball, location: 2F
1-1: Called Strike
1-2: Ball
2-2: Strikes out swinging
Batting: RHB Tony Perez 0-0: SINGLE (Groundball, 34D, EV 104.4 MPH)
Frank Shelton to second
Batting: RHB Joe Hewitt 0-0: SINGLE (Line Drive, 4MD, EV 105.0 MPH)
Frank Shelton to third
Tony Perez to second
Runner from 3rd tries for Home, SAFE, throw by CF to home
Batting: RHB Alan Weller 0-0: Ball
1-0: Ball
2-0: Called Strike
2-1: Ball
3-1: SINGLE (Line Drive, 78M, EV 95.6 MPH)
Tony Perez to third
Joe Hewitt to second
Runner from 3rd tries for Home, SAFE, throw by LF to home
Pitching: RHP Jake Mitchell
Batting: RHB Allen Gravel 0-0: Called Strike
0-1: Called Strike
0-2: Hit by Pitch
Joe Hewitt to third
Alan Weller to second
Batting: LHB Eric Farren 0-0: Ball
1-0: Swinging Strike
1-1: Ball
2-1: Called Strike
2-2: Hit by Pitch
Joe Hewitt scores
Alan Weller to third
Allen Gravel to second
Batting: RHB Jake Cox Balk!
Alan Weller scores
Allen Gravel to third
Eric Farren to second
0-0: Swinging Strike
0-1: Ball
1-1: Ball
2-1: Ball
3-1: Base on Balls
Batting: RHB Trent Hedrick 0-0: Called Strike
0-1: Swinging Strike
0-2: Fielders Choice at 2nd, 5-4 (Groundball, 56, EV 80.0 MPH)
Allen Gravel scores
Eric Farren to third
Batting: RHB Frank Shelton Balk!
Eric Farren scores
Trent Hedrick to second
0-0: Called Strike
0-1: Ball
1-1: Swinging Strike
1-2: Strikes out swinging
Top of the 5th over - 6 runs, 4 hits, 0 errors, 1 left on base; Williamsport 15 - Eugene 1
BOTTOM OF THE 5TH
Eugene Emeralds batting - Pitching for Williamsport Crosscutters : RHP Wally Hoover
Batting: RHB Jerry Blas 0-0: Ball
1-0: DOUBLE (Line Drive, 9LM, EV 92.5 MPH)
Pinch Runner at 2nd Jonathan Ridgely:
Batting: RHB Andy Huntley 0-0: Called Strike
0-1: Swinging Strike
0-2: Ground out 6-3 (Groundball, 56D, EV 95.6 MPH)
Batting: RHB Du Kim 0-0: Ball
1-0: SINGLE (Line Drive, 78M, EV 104.4 MPH)
Jonathan Ridgely to third
Batting: LHB Angel Oropeza 0-0: Ball
Du Kim steals 2nd base (no throw)
1-0: Ball
2-0: Ball
3-0: Fly out, F8 (Flyball, 8LXD, EV 106.2 MPH)
Runner from 3rd tags up, SCORES, no throw by CF
Du Kim to third
Batting: RHB Taylor Garofalo 0-0: DOUBLE (Line Drive, 9LM, EV 100.6 MPH)
Du Kim scores
Batting: RHB Jose Balderrama 0-0: Ball
1-0: Ball
2-0: Foul Ball, location: 2F
2-1: Ball
3-1: Swinging Strike
3-2: Base on Balls
Batting: RHB Ryan Bush 0-0: Ball
1-0: Ball
2-0: SINGLE (Line Drive, 9S, EV 110.6 MPH)
Taylor Garofalo to third
Jose Balderrama to second
Runner from 3rd tries for Home, SAFE, throw by RF to home
Batting: RHB Armando Vilano 0-0: Ball
1-0: Ground out 3-1 (Groundball, 34, EV 101.9 MPH)
Bottom of the 5th over - 3 runs, 4 hits, 0 errors, 2 left on base; Williamsport 15 - Eugene 4
TOP OF THE 6TH
Williamsport Crosscutters batting - Pitching for Eugene Emeralds : RHP Jake Mitchell
Now at C: Jonathan Ridgely
Batting: RHB Jimmy Misener 0-0: Called Strike
0-1: Called Strike
0-2: Ball
1-2: Strikes out swinging
Batting: RHB Tony Perez 0-0: Foul Ball, location: 2F
0-1: Foul Ball, location: 2F
0-2: Ball
1-2: Foul Ball, location: 2F
1-2: Ball
2-2: Foul Ball, location: 2F
2-2: Ball
3-2: Base on Balls
Batting: RHB Joe Hewitt 0-0: Ball
1-0: Called Strike
1-1: Foul Ball, location: 2F
1-2: Ground out 4-3 (Groundball, 34D, EV 100.0 MPH)
Tony Perez to second
Batting: RHB Alan Weller 0-0: Called Strike
0-1: Hit by Pitch
Batting: RHB Allen Gravel 0-0: Ball
1-0: Ball
2-0: Ball
Wild Pitch!
Tony Perez to third
Alan Weller to second
3-0: Base on Balls
Pitching: RHP Han-seung Hah
Batting: LHB Eric Farren 0-0: Ball
1-0: Ball
Balk!
Tony Perez scores
Alan Weller to third
Allen Gravel to second
2-0: TRIPLE (Line Drive, 8RXD, EV 111.2 MPH)
Alan Weller scores
Allen Gravel scores
Batting: RHB Jake Cox 0-0: Ball
1-0: Ball
2-0: Ball
3-0: Called Strike
3-1: Base on Balls
Batting: RHB Trent Hedrick 0-0: Ball
1-0: Ball
2-0: Ball
3-0: Called Strike
3-1: Fielders Choice at 2nd, 5-4 (Groundball, 56, EV 105.0 MPH)
Top of the 6th over - 3 runs, 1 hit, 0 errors, 2 left on base; Williamsport 18 - Eugene 4
BOTTOM OF THE 6TH
Eugene Emeralds batting - Pitching for Williamsport Crosscutters : RHP Wally Hoover
Batting: LHB Wing-tat Tai 0-0: Ball
1-0: Swinging Strike
1-1: Ball
2-1: Foul Ball, location: 2F
2-2: Foul Ball, location: 2F
2-2: Ball
3-2: Foul Ball, location: 2F
3-2: Strikes out swinging
Batting: RHB Jonathan Ridgely 0-0: Called Strike
0-1: Ball
1-1: Foul Ball, location: 2F
1-2: Ground out 6-3 (Groundball, 6, EV 105.6 MPH)
Batting: RHB Andy Huntley 0-0: Called Strike
0-1: Ball
1-1: Ground out 5-3 (Groundball, 56, EV 106.2 MPH)
Bottom of the 6th over - 0 runs, 0 hits, 0 errors, 0 left on base; Williamsport 18 - Eugene 4
TOP OF THE 7TH
Williamsport Crosscutters batting - Pitching for Eugene Emeralds : RHP Han-seung Hah
Batting: RHB Frank Shelton 0-0: Called Strike
0-1: Called Strike
0-2: Ball
1-2: Ball
2-2: Ball
3-2: Base on Balls
Pinch Hitting: RHB Brian Burd 0-0: Swinging Strike
0-1: Swinging Strike
0-2: Strikes out swinging
Batting: RHB Tony Perez Balk!
Frank Shelton to second
0-0: SINGLE (Groundball, 56, EV 103.8 MPH)
Frank Shelton to third
Runner from 3rd tries for Home, SAFE, throw by LF to home
Batting: RHB Joe Hewitt 0-0: Ground out 6-3 (Groundball, 6M, EV 83.1 MPH)
Tony Perez to second
Batting: RHB Alan Weller 0-0: Called Strike
0-1: Called Strike
0-2: Ball
1-2: Ground out 5-3 (Groundball, 56S, EV 83.1 MPH)
Top of the 7th over - 1 run, 1 hit, 0 errors, 1 left on base; Williamsport 19 - Eugene 4
BOTTOM OF THE 7TH
Eugene Emeralds batting - Pitching for Williamsport Crosscutters : RHP Wally Hoover
Pitching: RHP Pat Stone
Now in RF: Brian Burd
Pinch Hitting: RHB Bill Holmes 0-0: Called Strike
0-1: Ground out 4-3 (Groundball, 4, EV 87.5 MPH)
Batting: LHB Angel Oropeza 0-0: Called Strike
0-1: Ground out 3-1 (Groundball, 34, EV 81.2 MPH)
Batting: RHB Alvaro Romero 0-0: Foul Ball, location: 2F
0-1: Fly out, F4 (Popup, 13, EV 82.5 MPH)
Bottom of the 7th over - 0 runs, 0 hits, 0 errors, 0 left on base; Williamsport 19 - Eugene 4
TOP OF THE 8TH
Williamsport Crosscutters batting - Pitching for Eugene Emeralds : RHP Han-seung Hah
Now at 1B: Bill Holmes
Pinch Hitting: RHB Tom Carico 0-0: Called Strike
0-1: Fly out, F8 (Flyball, 8RM, EV 88.8 MPH)
Pinch Hitting: SHB Brandon McClain 0-0: Foul Ball, location: 2F
0-1: TRIPLE (Flyball, 89XD, EV 95.6 MPH)
Batting: RHB Jake Cox 0-0: Swinging Strike
0-1: Ball
1-1: Foul Ball, location: 2F
1-2: Ball
2-2: Ground out 6-3 (Groundball, 6, EV 81.2 MPH)
Brandon McClain scores
Batting: RHB Trent Hedrick 0-0: Ball
1-0: Called Strike
1-1: Ball
2-1: Ball
3-1: Swinging Strike
3-2: Foul Ball, location: 2F
3-2: Strikes out swinging
Top of the 8th over - 1 run, 1 hit, 0 errors, 0 left on base; Williamsport 20 - Eugene 4
BOTTOM OF THE 8TH
Eugene Emeralds batting - Pitching for Williamsport Crosscutters : RHP Pat Stone
Now at 2B: Tom Carico
Now at 3B: Brandon McClain
Batting: RHB Jose Balderrama 0-0: Called Strike
0-1: Ball
1-1: Ball
2-1: Ground out 6-3 (Groundball, 6, EV 88.8 MPH)
Batting: RHB Ryan Bush 0-0: Fly out, F1 (Line Drive, P, EV 70.6 MPH)
Batting: RHB Armando Vilano 0-0: Ball
1-0: Ball
2-0: Foul Ball, location: 2F
2-1: Foul Ball, location: 2F
2-2: Strikes out swinging
Bottom of the 8th over - 0 runs, 0 hits, 0 errors, 0 left on base; Williamsport 20 - Eugene 4
TOP OF THE 9TH
Williamsport Crosscutters batting - Pitching for Eugene Emeralds : RHP Han-seung Hah
Pitching: RHP Ricardo Aguinaga
Batting: RHB Frank Shelton 0-0: Ball
1-0: Called Strike
1-1: Fly out, F9 (Line Drive, 9LM, EV 88.1 MPH)
Batting: RHB Brian Burd 0-0: Ball
1-0: Ball
2-0: Fly out, F8 (Flyball, 8LS, EV 90.0 MPH)
Batting: RHB Tony Perez 0-0: Ball
1-0: Ball
2-0: Ball
3-0: Called Strike
3-1: Foul Ball, location: 2F
3-2: Foul Ball, location: 2F
3-2: Base on Balls
Batting: RHB Joe Hewitt 0-0: Ball
1-0: Foul Ball, location: 2F
1-1: Swinging Strike
1-2: Ground out U3 (Groundball, 3, EV 90.0 MPH)
Top of the 9th over - 0 runs, 0 hits, 0 errors, 1 left on base; Williamsport 20 - Eugene 4
BOTTOM OF THE 9TH
Eugene Emeralds batting - Pitching for Williamsport Crosscutters : RHP Pat Stone
Batting: LHB Wing-tat Tai 0-0: Ball
1-0: Ball
2-0: Ball
3-0: Called Strike
3-1: Base on Balls
Pinch Hitting: SHB Andrew Baron 0-0: Called Strike
0-1: Ball
1-1: Called Strike
1-2: Ball
2-2: Foul Ball, location: 2F
2-2: Foul Ball, location: 2F
2-2: SINGLE (Line Drive, 89S, EV 110.0 MPH)
Wing-tat Tai to second
Batting: RHB Andy Huntley 0-0: Ball
1-0: Called Strike
1-1: Grounds into double play, 6-4-3 (Groundball, 6S, EV 85.0 MPH)
Wing-tat Tai to third
Batting: RHB Bill Holmes 0-0: Called Strike
0-1: Ball
1-1: DOUBLE (Line Drive, 9LM, EV 106.9 MPH)
Wing-tat Tai scores
Batting: LHB Angel Oropeza 0-0: Ball
1-0: Called Strike
1-1: Ball
2-1: Ball
3-1: Base on Balls
Batting: RHB Alvaro Romero 0-0: Ball
1-0: Called Strike
1-1: Foul Ball, location: 2F
1-2: Fly out, F8 (Line Drive, 8RD, EV 105.6 MPH)
Bottom of the 9th over - 1 run, 2 hits, 0 errors, 2 left on base; Williamsport 20 - Eugene 5
Wednesday, June 22nd , 2022 - OOTP Baseball 23.4 Build 64